 Dungeon Crawl Stone Soup version 0.28.0-53-g5a82cb258f (webtiles) character file.

Game seed: 5661676059159384745

42 dranuc9 the Conjurer (level 3, -1/19 HPs)
             Began as a Deep Elf Conjurer on July 3, 2022.
             Killed from afar by an orc wizard (8 damage)
             ... with a puff of flame
             ... on level 3 of the Dungeon.
             The game lasted 00:06:51 (2120 turns).

dranuc9 the Conjurer (Deep Elf Conjurer)            Turns: 2120, Time: 00:06:52

Health: -1/19      AC:  2    Str:  4    XL:     3   Next: 33%
Magic:  2/9        EV: 12    Int: 24    God:
Gold:   78         SH:  0    Dex: 13    Spells: 5/8 levels left

rFire   . . .      SeeInvis .   g - +1 dagger (pain)
rCold   . . .      Faith    .   (no shield)
rNeg    . . .      Spirit   .   a - +0 robe
rPois   .          Reflect  .   (no helmet)
rElec   .          Harm     .   (no cloak)
rCorr   .          Rampage  .   (no gloves)
Will    .....                   (no boots)
Stlth   ++........              (no amulet)
HPRegen 0.06/turn               (no ring)
MPRegen 0.11/turn               (no ring)

@: no status effects
A: no striking features
a: no special abilities


You were on level 3 of the Dungeon.
You visited 1 branch of the dungeon, and saw 3 of its levels.

You collected 78 gold pieces.

Inventory:

Hand Weapons
 g - a +1 dagger of pain (weapon)
Missiles
 i - 3 poisoned darts (quivered)
Armour
 a - a +0 robe (worn)
Scrolls
 c - 2 scrolls of teleportation {unknown}
 d - 2 scrolls of acquirement {unknown}
 f - 2 scrolls of identify {unknown}
Potions
 b - a potion of lignification {unknown}
 e - a potion of berserk rage {unknown}
 h - a potion of invisibility {unknown}


   Skills:
 + Level 2.5 Dodging
 + Level 2.5 Stealth
 + Level 3.3 Spellcasting
 + Level 5.5 Conjurations


You had 5 spell levels left.
You knew the following spells:

 Your Spells              Type           Power      Damage    Failure   Level
a - Magic Dart            Conj           100%       1d8       1%          1
b - Searing Ray           Conj           60%        2d6       1%          2

Your spell library contained the following spells:

 Spells                   Type           Power      Damage    Failure   Level
 Dazzling Flash           Conj/Hex       34%        N/A       11%         3
 Gell's Gravitas          Tloc           3%         N/A       32%         3
 Lesser Beckoning         Tloc           3%         N/A       32%         3
 Teleport Other           Tloc           3%         N/A       32%         3
 Fulminant Prism          Conj/Hex       8%         3d7       34%         4
 Iskenderun's Mystic Bla  Conj/Tloc      17%        2d5       34%         4


Dungeon Overview and Level Annotations

Branches:
Dungeon (3/15)

Altars:

Annotations:
D:2 Sigmund


Message History

Press: ? - help, Shift-Dir - straight line, f/p - orc
Aim: an orc, wielding a +0 flail and wearing a +0 chain mail (100% to hit)
The magic dart hits the orc.
The orc is lightly wounded.
A giant cockroach comes into view.
An orc wizard comes into view. It is wielding a +0 dagger.
The orc wizard shouts!
The orc wizard points at you and mumbles some strange words.
The puff of flame hits you.
A frilled lizard comes into view.
Casting: Magic Dart (safe; 1% risk of failure)
Confirm with . or Enter, or press ? or * to list all spells.
You don't know that spell.
The orc wizard gestures wildly while chanting.
The orc wizard flickers and vanishes!
Deactivating autopickup; reactivate with Ctrl-A.
An orc comes into view. It is wielding a +0 hand axe.
Casting: Magic Dart (safe; 1% risk of failure)
Confirm with . or Enter, or press ? or * to list all spells.
Aiming: Searing Ray (safe; 1% risk of failure)
Press: ? - help, Shift-Dir - straight line, p - orc The searing ray hits the orc.
The orc is heavily wounded.
The searing ray hits the giant cockroach.
The giant cockroach is severely wounded. (Press . to maintain the ray.)
The orc hits you but does no damage.
The searing ray hits the orc!
You kill the orc!
The searing ray hits the giant cockroach!
You kill the giant cockroach!
The searing ray hits something.
A magic dart appears from out of thin air!
The magic dart hits you.
The searing ray hits something!
The searing ray hits the orc.
The orc is almost dead.
You finish channelling your searing ray.
A puff of flame appears from out of thin air!
The puff of flame hits you!
You die...

#.# ... #l# #.#
#.# #.# # #<#
###.#.#######.#
.)....o{.)@...#
......#########
##.##


You could see an orc.

Vanquished Creatures
  A worm (D:2)
  2 orcs (D:3)
  3 endoplasms (D:1)
  2 giant cockroaches
  4 goblins
  3 hobgoblins (D:1)
  3 jackals (D:1)
  2 quokkas (D:1)
  5 ball pythons
  A bat (D:2)
  4 kobolds
  4 rats
34 creatures vanquished.

Notes
Turn   | Place    | Note
-------+----------+-------------------------------------------
     0 | D:1      | dranuc9 the Deep Elf Conjurer began the quest for the Orb.
     0 | D:1      | Reached XP level 1. HP: 10/10 MP: 6/6
   330 | D:1      | Reached XP level 2. HP: 15/15 MP: 6/8
   333 | D:1      | Learned a level 2 spell: Searing Ray
   397 | D:1      | Reached skill level 5 in Conjurations
  1086 | D:2      | Found Veso's General Store.
  1133 | D:2      | Reached XP level 3. HP: 19/19 MP: 6/9
  1276 | D:2      | Found a faded altar of an unknown god.
  1276 | D:2      | Noticed a Hell Sentinel
  1783 | D:2      | Noticed Sigmund
  2120 | D:3      | Killed from afar by an orc wizard

Illustrated notes

Levels and vault maps discovered:
D:1:      lightli_arrival_quake, layout_basic
D:2:      layout_loops_ring, serial_shops, shop,
          dreamdust_ecumenical_altar_sealed_demon, uniq_sigmund
D:3:      layout_loops_ring, minmay_snake_closets, uniq_robin, uniq_ijyb,
          uniq_jessica

Skill      XL: |  1  2 |
---------------+-------+-----
Conjurations   | 5 |  5.5
Dodging        | |  2.5
Stealth        | |  2.5
Spellcasting   | |  3.3

Action                   || total
-------------------------++-------
 Cast: Magic Dart        ||    53
       Searing Ray       ||     6
Armor: Robe              ||     1
Dodge: Dodged            ||     1
